[Event "3rd Memorial Warakomska 2019"]
[Site "Suwalki"]
[Date "2019.08.06"]
[Round "2.13"]
[White "Caspi, Israel"]
[Black "Gurbanov, Andrei"]
[Result "1-0"]
[ECO "C45"]
[WhiteElo "2458"]
[BlackElo "2305"]
[Annotator "ChessBase"]
[PlyCount "35"]
[EventDate "2019.08.05"]
[EventType "swiss"]
[EventCountry "POL"]
[SourceTitle "playchess.com"]
[Source "ChessBase"]
[SourceQuality "1"]
[TimeControl "40/5400+30:1800+30"]

1. e4 e5 2. Nf3 Nc6 3. d4 exd4 4. Nxd4 Bc5 5. Nb3 Bb6 6. Qe2 a5 7. a4 Nf6 8. Nc3 O-O 9. Bg5 Nd4 10. Qd2 Nxb3 11. cxb3 c6 12. O-O-O Re8 13. Bc4 h6 14. Bh4 g5 15. Bg3 Nxe4 16. Nxe4 Rxe4 17. Qd6 Qe7 18. Qg6+ 1-0

[Event "3rd Memorial Warakomska 2019"]
[Site "Suwalki"]
[Date "2019.08.06"]
[Round "2.14"]
[White "Barski, Radoslaw"]
[Black "Fiedorek, Michal"]
[Result "1-0"]
[ECO "B31"]
[WhiteElo "2468"]
[BlackElo "2241"]
[Annotator "ChessBase"]
[PlyCount "61"]
[EventDate "2019.08.05"]
[EventType "swiss"]
[EventCountry "POL"]
[SourceTitle "playchess.com"]
[Source "ChessBase"]
[SourceQuality "1"]
[TimeControl "40/5400+30:1800+30"]

1. e4 c5 2. Nf3 Nc6 3. Bb5 g6 4. Bxc6 dxc6 5. d3 Bg7 6. h3 Nf6 7. Nc3 Nd7 8. O-O e5 9. Be3 b6 10. a3 Nf8 11. Qc1 h6 12. b4 Ne6 13. bxc5 f5 14. cxb6 axb6 15. Rb1 b5 16. exf5 gxf5 17. Bd2 Qd6 18. Re1 Kf7 19. Rb4 Bd7 20. Ne2 c5 21. Rb1 Nd4 22. Nexd4 cxd4 23. Bb4 Qd5 24. c4 dxc3 25. Bxc3 Rac8 26. Qb2 Rxc3 27. Qxc3 e4 28. dxe4 fxe4 29. Qe3 Bf5 30. Rbd1 Qe6 31. Qf4 1-0

[Event "3rd Memorial Warakomska 2019"]
[Site "Suwalki"]
[Date "2019.08.06"]
[Round "2.15"]
[White "Kubicka, Anna"]
[Black "Cukrowski, Filip"]
[Result "1/2-1/2"]
[ECO "B40"]
[WhiteElo "2202"]
[BlackElo "2421"]
[Annotator "NA"]
[PlyCount "39"]
[EventDate "2019.08.05"]
[EventType "swiss"]
[EventCountry "POL"]
[SourceTitle "playchess.com"]
[Source "ChessBase"]
[SourceQuality "1"]
[TimeControl "40/5400+30:1800+30"]

1. e4 c5 2. Nf3 e6 3. d4 cxd4 4. Nxd4 Nf6 5. Nc3 Nc6 6. Ndb5 Bb4 7. a3 Bxc3+ 8. Nxc3 d5 9. exd5 exd5 10. Bd3 O-O 11. O-O h6 12. h3 Be6 13. Bf4 d4 14. Ne4 Nxe4 15. Bxe4 Bd5 16. Bxd5 Qxd5 17. Qd3 Rfe8 18. Rfe1 Re6 19. Rxe6 Qxe6 20. Bd2 1/2-1/2

[Event "3rd Memorial Warakomska 2019"]
[Site "Suwalki"]
[Date "2019.08.06"]
[Round "2.16"]
[White "Dhulipalla Bala Chandra Prasad"]
[Black "Zakrzewski, Marek"]
[Result "1/2-1/2"]
[ECO "B40"]
[WhiteElo "2419"]
[BlackElo "2311"]
[Annotator "NA"]
[PlyCount "69"]
[EventDate "2019.08.05"]
[EventType "swiss"]
[EventCountry "POL"]
[SourceTitle "playchess.com"]
[Source "ChessBase"]
[SourceQuality "1"]
[TimeControl "40/5400+30:1800+30"]

1. Nf3 c5 2. e4 e6 3. g3 Nc6 4. Bg2 Nf6 5. Qe2 e5 6. O-O Be7 7. c3 O-O 8. Na3 Re8 9. d3 h6 10. Nc4 Bf8 11. a4 d5 12. exd5 Nxd5 13. Re1 Nb6 14. Ne3 Nd5 15. Nxd5 Qxd5 16. Be3 Bg4 17. h3 Bh5 18. Rad1 Qd7 19. g4 Bg6 20. Nh4 Bh7 21. Be4 Rac8 22. Qc2 Qd8 23. Nf5 Nd4 24. cxd4 cxd4 25. Qb3 dxe3 26. Nxe3 Rc7 27. Rc1 b6 28. Qb5 Rxc1 29. Rxc1 Bc5 30. Nd5 Rf8 31. b4 Bd4 32. Rc2 f5 33. gxf5 Qg5+ 34. Kf1 Qh4 35. Qd7 1/2-1/2

[Event "3rd Memorial Warakomska 2019"]
[Site "Suwalki"]
[Date "2019.08.06"]
[Round "2.17"]
[White "Sowul, Bartosz"]
[Black "Goluch, Piotr"]
[Result "0-1"]
[ECO "A05"]
[WhiteElo "2210"]
[BlackElo "2386"]
[Annotator "NA"]
[PlyCount "98"]
[EventDate "2019.08.05"]
[EventType "swiss"]
[EventCountry "POL"]
[SourceTitle "playchess.com"]
[Source "ChessBase"]
[SourceQuality "1"]
[TimeControl "40/5400+30:1800+30"]

1. Nf3 Nf6 2. c4 c5 3. b3 e6 4. g3 d5 5. Bg2 Be7 6. O-O O-O 7. Bb2 Nc6 8. e3 d4 9. exd4 cxd4 10. Re1 Re8 11. d3 Bf8 12. Ne5 Nxe5 13. Rxe5 Nd7 14. Re2 e5 15. Qe1 Qb6 16. Ba3 Qg6 17. f4 Bxa3 18. Nxa3 Nc5 19. Rxe5 Bd7 20. Nb5 Nxd3 21. Rxe8+ Rxe8 22. Qf1 Bg4 23. Nxd4 Rd8 24. Bd5 Nb4 25. Qf2 Nxd5 26. cxd5 Rxd5 27. Re1 h6 28. Nc2 Qd6 29. Ne3 Rd2 30. Nc4 Rxf2 31. Nxd6 Rxa2 32. Re8+ Kh7 33. Nxf7 Bh3 34. f5 Bxf5 35. h4 Kg6 36. Nd6 Bd7 37. Re7 Bc6 38. h5+ Kf6 39. Re3 Kg5 40. Re7 Kf6 41. Re3 Ra5 42. g4 Re5 43. Rg3 Re2 44. Kf1 Rd2 45. Nc4 Rd4 46. Kf2 Kg5 47. Ne5 Rf4+ 48. Kg1 Bd5 49. Rc3 Re4 0-1

[Event "3rd Memorial Warakomska 2019"]
[Site "Suwalki"]
[Date "2019.08.06"]
[Round "2.18"]
[White "Grib, Roman"]
[Black "Szpar, Milosz"]
[Result "1-0"]
[ECO "B31"]
[WhiteElo "2421"]
[BlackElo "2289"]
[Annotator "NA"]
[PlyCount "107"]
[EventDate "2019.08.05"]
[EventType "swiss"]
[EventCountry "POL"]
[SourceTitle "playchess.com"]
[Source "ChessBase"]
[SourceQuality "1"]
[TimeControl "40/5400+30:1800+30"]

1. e4 c5 2. Nf3 Nc6 3. Bb5 g6 4. Bxc6 dxc6 5. d3 Bg7 6. h3 Nf6 7. Nc3 Nd7 8. Be3 e5 9. Qd2 h6 10. O-O b6 11. Nh2 Nf8 12. f4 exf4 13. Bxf4 Ne6 14. Bg3 Nd4 15. Rae1 O-O 16. e5 Bf5 17. Ne4 Bxe4 18. Rxe4 Nf5 19. Bf4 Kh7 20. Ng4 Re8 21. a4 Re6 22. a5 Qe7 23. Ra1 b5 24. Rae1 a6 25. Qc3 Rd8 26. Be3 Nxe3 27. R1xe3 Rd5 28. Nf6+ Kh8 29. b4 Bxf6 30. exf6 Qxf6 31. Qxf6+ Rxf6 32. Re8+ Kg7 33. Ra8 cxb4 34. Rxa6 Rc5 35. Re2 Re6 36. Rf2 Re7 37. Rb6 Rc3 38. a6 b3 39. cxb3 Rxd3 40. Ra2 Ra7 41. Rb7 Ra8 42. a7 Rdd8 43. Rf2 Rf8 44. b4 g5 45. Rd2 Rac8 46. Rd6 h5 47. Kf2 Rfe8 48. Kf3 Kg8 49. Rdd7 Kg7 50. Rxf7+ Kg6 51. Rfc7 Rxc7 52. Rxc7 Kf5 53. g4+ hxg4+ 54. hxg4+ 1-0

[Event "3rd Memorial Warakomska 2019"]
[Site "Suwalki"]
[Date "2019.08.06"]
[Round "2.19"]
[White "Wolanski, Michal"]
[Black "Hnydiuk, Aleksander"]
[Result "0-1"]
[ECO "A10"]
[WhiteElo "2007"]
[BlackElo "2412"]
[Annotator "NA"]
[PlyCount "120"]
[EventDate "2019.08.05"]
[EventType "swiss"]
[EventCountry "POL"]
[SourceTitle "playchess.com"]
[Source "ChessBase"]
[SourceQuality "1"]
[TimeControl "40/5400+30:1800+30"]

1. c4 b6 2. Nc3 Bb7 3. Nf3 e6 4. e4 Bb4 5. Bd3 Ne7 6. O-O O-O 7. a3 Bxc3 8. dxc3 f5 9. Qe2 Qe8 10. Nd4 Qg6 11. f3 fxe4 12. Bxe4 Bxe4 13. Qxe4 Qxe4 14. fxe4 Rxf1+ 15. Kxf1 e5 16. Nb5 Na6 17. Be3 Kf7 18. a4 c6 19. Nd6+ Ke6 20. Rd1 Rf8+ 21. Ke2 Nc8 22. Nxc8 Rxc8 23. b4 c5 24. b5 Nb8 25. Rf1 d6 26. Rf3 Nd7 27. Bg5 a6 28. Rf1 axb5 29. cxb5 Ra8 30. Ra1 h6 31. Bd2 d5 32. c4 dxc4 33. a5 bxa5 34. Rxa5 Rxa5 35. Bxa5 Nf6 36. b6 Kd6 37. b7 Nd7 38. Kd2 Kc6 39. Kc3 Kxb7 40. Kxc4 Kc6 41. Bc3 Nb6+ 42. Kb3 Kd6 43. Ba5 Nd7 44. Kc4 Nf6 45. Kd3 Nh5 46. Kc4 Nf6 47. Kd3 Ng4 48. h3 Nf6 49. Be1 Nh5 50. Bf2 Nf4+ 51. Kc4 Nxg2 52. Bxc5+ Ke6 53. Bf8 Kf6 54. Bc5 g5 55. Bf2 h5 56. Kc3 h4 57. Bb6 Nf4 58. Bd8+ Kg6 59. Bc7 Nxh3 60. Bxe5 Nf4 0-1

[Event "3rd Memorial Warakomska 2019"]
[Site "Suwalki"]
[Date "2019.08.06"]
[Round "2.20"]
[White "Antolak, Julia"]
[Black "Stupak, Kirill"]
[Result "1/2-1/2"]
[ECO "C04"]
[WhiteElo "2258"]
[BlackElo "2560"]
[Annotator "ChessBase"]
[PlyCount "228"]
[EventDate "2019.08.05"]
[EventType "swiss"]
[EventCountry "POL"]
[SourceTitle "playchess.com"]
[Source "ChessBase"]
[SourceQuality "1"]
[TimeControl "40/5400+30:1800+30"]

1. e4 e6 2. d4 d5 3. Nd2 Nc6 4. Ngf3 Nf6 5. e5 Nd7 6. Bd3 f6 7. Ng5 Ndxe5 8. dxe5 fxg5 9. Qh5+ Kd7 10. Nf3 Nb4 11. Bxg5 Nxd3+ 12. cxd3 Qe8 13. Qg4 Qg6 14. Qa4+ c6 15. O-O h6 16. Be3 Ke8 17. Rfd1 Be7 18. Rac1 Bd7 19. Bc5 Bxc5 20. Rxc5 Rf8 21. Kh1 Kf7 22. Ra5 Kg8 23. Rxa7 c5 24. Qa3 Rxa7 25. Qxa7 Bc6 26. d4 Qc2 27. Rg1 c4 28. Qa3 Qxf2 29. Qe7 Re8 30. Qb4 Qe2 31. Re1 Qf2 32. Rd1 Rf8 33. Qd2 Qxd2 34. Rxd2 Ra8 35. a3 c3 36. bxc3 Rxa3 37. Rd3 b5 38. Ne1 Be8 39. Rg3 h5 40. Kg1 h4 41. Rh3 g5 42. Kf2 Ra2+ 43. Kf1 b4 44. cxb4 Bb5+ 45. Kg1 Re2 46. Nd3 g4 47. Rxh4 Bxd3 48. Rxg4+ Kh7 49. Rf4 Rb2 50. Rf6 Be4 51. Rxe6 Rxg2+ 52. Kf1 Rxh2 53. b5 Rd2 54. b6 Rxd4 55. Re8 Rb4 56. Rb8 Bf5 57. b7 Bd7 58. Kf2 Bc6 59. e6 Rxb7 60. Rc8 Ba4 61. Rd8 Kg6 62. Rxd5 Kf6 63. Rh5 Kxe6 64. Ke3 Bc2 65. Rc5 Bf5 66. Ra5 Rb3+ 67. Kd4 Rd3+ 68. Kc4 Rd1 69. Ra6+ Ke5 70. Ra5+ Ke4 71. Ra3 Be6+ 72. Kc5 Rd8 73. Ra1 Bf5 74. Re1+ Kf4 75. Re7 Be4 76. Rf7+ Ke3 77. Ra7 Rc8+ 78. Kd6 Rc6+ 79. Ke5 Rc5+ 80. Kd6 Rg5 81. Rc7 Kd4 82. Rc1 Rg6+ 83. Kc7 Bd5 84. Kd7 Ke5 85. Re1+ Be4 86. Kc7 Rc6+ 87. Kd7 Rb6 88. Rc1 Rb7+ 89. Rc7 Rb8 90. Ra7 Bd5 91. Kc7 Rh8 92. Ra6 Rh7+ 93. Kb6 Kd4 94. Ra4+ Bc4 95. Kc6 Rh6+ 96. Kd7 Rh4 97. Kd6 Re4 98. Ra1 Bb3 99. Rh1 Rf4 100. Rh6 Bd5 101. Rg6 Rh4 102. Rf6 Rh8 103. Rg6 Be4 104. Rg5 Rh6+ 105. Ke7 Bd5 106. Rg4+ Ke5 107. Rg5+ Ke4 108. Rg4+ Kf5 109. Rg1 Ke5 110. Rg5+ Ke4 111. Rg4+ Kf5 112. Rg1 Rb6 113. Rf1+ Ke5 114. Re1+ Be4 1/2-1/2

[Event "3rd Memorial Warakomska 2019"]
[Site "Suwalki"]
[Date "2019.08.06"]
[Round "2.21"]
[White "Czarnota, Pawel"]
[Black "Mulet, Piotr"]
[Result "1-0"]
[ECO "C05"]
[WhiteElo "2534"]
[BlackElo "2244"]
[Annotator "ChessBase"]
[PlyCount "143"]
[EventDate "2019.08.05"]
[EventType "swiss"]
[EventCountry "POL"]
[SourceTitle "playchess.com"]
[Source "ChessBase"]
[SourceQuality "1"]
[TimeControl "40/5400+30:1800+30"]

1. e4 e6 2. d4 d5 3. Nd2 Nf6 4. e5 Nfd7 5. Bd3 c5 6. c3 Nc6 7. Ne2 f6 8. exf6 Qxf6 9. Nf3 Bd6 10. O-O O-O 11. Bc2 cxd4 12. cxd4 Nb6 13. Bg5 Qf7 14. Bh4 g6 15. Bg3 Bxg3 16. hxg3 Bd7 17. Rc1 Rac8 18. Bb1 Qf6 19. b3 Rf7 20. Qd2 Re7 21. Nf4 Rf8 22. Rfe1 Be8 23. Qe3 Nc8 24. Nd3 Nd6 25. Nde5 Nf5 26. Bxf5 Qxf5 27. Nxc6 Bxc6 28. Ne5 Be8 29. f3 g5 30. g4 Qf4 31. Kf2 h5 32. Qxf4 Rxf4 33. Ke3 hxg4 34. Nxg4 Kg7 35. Rh1 a5 36. Rc8 Rf8 37. Ne5 b5 38. Rhc1 Rh8 39. Ra8 Rh2 40. Rcc8 Bf7 41. Kf2 a4 42. bxa4 bxa4 43. Rxa4 Rb7 44. Kg3 Rh4 45. Rca8 Bg6 46. R4a7 Rxa7 47. Rxa7+ Kf6 48. Ng4+ Kf5 49. Ra8 Bh7 50. Rf8+ Kg6 51. Rf6+ Kg7 52. Rxe6 Bf5 53. Re5 Kg6 54. Rxd5 Bxg4 55. fxg4 Rh1 56. a4 Ra1 57. a5 Ra3+ 58. Kf2 Kf6 59. Rf5+ Kg6 60. Rb5 Kf6 61. Ke2 Kg6 62. Kd2 Rg3 63. a6 Rxg4 64. Ra5 Rxd4+ 65. Ke3 Rd8 66. a7 Ra8 67. Kd4 Kh5 68. Kc5 Kh4 69. Kb6 g4 70. Ra3 Rg8 71. a8=Q Rxa8 72. Rxa8 1-0

[Event "3rd Memorial Warakomska 2019"]
[Site "Suwalki"]
[Date "2019.08.06"]
[Round "2.22"]
[White "Matviishen, Viktor"]
[Black "Reza, Wojciech"]
[Result "1-0"]
[ECO "B51"]
[WhiteElo "2495"]
[BlackElo "2261"]
[Annotator "ChessBase"]
[PlyCount "73"]
[EventDate "2019.08.05"]
[EventType "swiss"]
[EventCountry "POL"]
[SourceTitle "playchess.com"]
[Source "ChessBase"]
[SourceQuality "1"]
[TimeControl "40/5400+30:1800+30"]

1. e4 c5 2. Nf3 d6 3. Bb5+ Nd7 4. d4 cxd4 5. Qxd4 a6 6. Bxd7+ Bxd7 7. O-O e5 8. Qd3 h6 9. a4 Nf6 10. c4 Be7 11. Nc3 O-O 12. Rd1 Qa5 13. Bd2 Qc7 14. b3 b6 15. Nh4 Bg4 16. f3 Be6 17. Nf5 Bxf5 18. exf5 Qb7 19. Be3 Rac8 20. Nd5 Rc6 21. Nxf6+ Bxf6 22. Qe4 Qc7 23. Rd5 Rb8 24. Rad1 Be7 25. f4 Bf6 26. Qd3 Qb7 27. fxe5 dxe5 28. Rd7 Qa8 29. Qd5 Rf8 30. a5 bxa5 31. Bc5 Re8 32. Qxf7+ Kh8 33. R1d3 Rxc5 34. Rh3 Be7 35. f6 Rg8 36. fxg7+ Kh7 37. Qf5+ 1-0

[Event "3rd Memorial Warakomska 2019"]
[Site "Suwalki"]
[Date "2019.08.06"]
[Round "2.23"]
[White "Czerw, Dawid"]
[Black "Pavlov, Sergey"]
[Result "0-1"]
[ECO "D31"]
[WhiteElo "2326"]
[BlackElo "2486"]
[Annotator "ChessBase"]
[PlyCount "40"]
[EventDate "2019.08.05"]
[EventType "swiss"]
[EventCountry "POL"]
[SourceTitle "playchess.com"]
[Source "ChessBase"]
[SourceQuality "1"]
[TimeControl "40/5400+30:1800+30"]

1. d4 d5 2. c4 e6 3. Nc3 Bb4 4. Nf3 dxc4 5. e4 b5 6. a4 c6 7. Bd2 a5 8. e5 Ne7 9. axb5 Bxc3 10. bxc3 cxb5 11. Ng5 Bb7 12. Qb1 Qd5 13. f3 Nd7 14. Ne4 O-O 15. g3 f5 16. exf6 Nxf6 17. Bg2 e5 18. dxe5 Nxe4 19. fxe4 Qc5 20. Kd1 Qf2 0-1

[Event "3rd Memorial Warakomska 2019"]
[Site "Suwalki"]
[Date "2019.08.06"]
[Round "2.24"]
[White "Harsha Bharathakoti"]
[Black "Maj, Pawel"]
[Result "1-0"]
[ECO "E20"]
[WhiteElo "2486"]
[BlackElo "2127"]
[Annotator "ChessBase"]
[PlyCount "90"]
[EventDate "2019.08.05"]
[EventType "swiss"]
[EventCountry "POL"]
[SourceTitle "playchess.com"]
[Source "ChessBase"]
[SourceQuality "1"]
[TimeControl "40/5400+30:1800+30"]

1. d4 Nf6 2. c4 e6 3. Nc3 Bb4 4. Bd2 d5 5. e3 O-O 6. Nf3 c5 7. a3 Bxc3 8. Bxc3 Ne4 9. Rc1 Nxc3 10. Rxc3 cxd4 11. Qxd4 Nc6 12. Qd2 dxc4 13. Bxc4 Qf6 14. O-O e5 15. Bb5 Rd8 16. Qc1 Ne7 17. Rc5 a6 18. Be2 Bg4 19. h3 b6 20. Rc7 Be6 21. Rd1 Nd5 22. Rc6 b5 23. Qc5 e4 24. Nd4 Ne7 25. Rc7 Ng6 26. Qc6 Bd5 27. Qxf6 gxf6 28. Rdc1 Ne5 29. b3 Kf8 30. R1c3 Rd7 31. Bg4 Rxc7 32. Rxc7 Rb8 33. Bf5 h6 34. Rc5 Rd8 35. Kf1 Ke7 36. Rc7+ Kd6 37. Ra7 Ra8 38. Rxa8 Bxa8 39. Bc8 Kc5 40. Bxa6 b4 41. axb4+ Kxb4 42. Bc4 Nxc4 43. bxc4 Kxc4 44. Nf5 Kd5 45. Nxh6 Ke6 1-0

[Event "3rd Memorial Warakomska 2019"]
[Site "Suwalki"]
[Date "2019.08.06"]
[Round "2.25"]
[White "Molenda, Marcin"]
[Black "Shpanko, Nadiia"]
[Result "1-0"]
[ECO "D06"]
[WhiteElo "2387"]
[BlackElo "2132"]
[Annotator "NA"]
[PlyCount "57"]
[EventDate "2019.08.05"]
[EventType "swiss"]
[EventCountry "POL"]
[SourceTitle "playchess.com"]
[Source "ChessBase"]
[SourceQuality "1"]
[TimeControl "40/5400+30:1800+30"]

1. d4 d5 2. c4 Nf6 3. cxd5 Nxd5 4. Nf3 g6 5. g3 Bg7 6. Bg2 c6 7. O-O O-O 8. e4 Nc7 9. Nc3 Bg4 10. Be3 e5 11. dxe5 Nd7 12. Qb3 Qc8 13. Rac1 h6 14. h3 Be6 15. Qc2 Re8 16. Kh2 Na6 17. b3 Qb8 18. Nd4 Nxe5 19. f4 Nb4 20. Qe2 Ned3 21. Rcd1 c5 22. Nxe6 Rxe6 23. Rxd3 Nxd3 24. Qxd3 Qd8 25. Nd5 Qa5 26. f5 Ree8 27. fxg6 fxg6 28. Nf6+ Bxf6 29. Rxf6 1-0

[Event "3rd Memorial Warakomska 2019"]
[Site "Suwalki"]
[Date "2019.08.06"]
[Round "2.26"]
[White "Lis, Mateusz"]
[Black "Karavade, Eesha"]
[Result "1/2-1/2"]
[ECO "B90"]
[WhiteElo "2007"]
[BlackElo "2355"]
[Annotator "NA"]
[PlyCount "59"]
[EventDate "2019.08.05"]
[EventType "swiss"]
[EventCountry "POL"]
[SourceTitle "playchess.com"]
[Source "ChessBase"]
[SourceQuality "1"]
[TimeControl "40/5400+30:1800+30"]

1. e4 c5 2. Nf3 d6 3. d4 cxd4 4. Nxd4 Nf6 5. Nc3 a6 6. Be3 e5 7. Nf3 Be7 8. Bc4 O-O 9. O-O Be6 10. Bb3 b5 11. Qd3 Qc7 12. Rfd1 Rc8 13. Rac1 Bc4 14. Bxc4 Qxc4 15. Nd2 Qxd3 16. cxd3 Nbd7 17. d4 b4 18. Na4 d5 19. dxe5 Nxe5 20. Nb6 Rxc1 21. Rxc1 Rd8 22. exd5 Nxd5 23. Nxd5 Rxd5 24. Rc8+ Rd8 25. Rxd8+ Bxd8 26. Kf1 Kf8 27. Ke2 Ke8 28. Bd4 Bc7 29. h3 f6 30. f4 1/2-1/2

[Event "3rd Memorial Warakomska 2019"]
[Site "Suwalki"]
[Date "2019.08.06"]
[Round "2.27"]
[White "Punin, Andrii"]
[Black "Jankowiak, Tomasz"]
[Result "1-0"]
[ECO "A20"]
[WhiteElo "2305"]
[BlackElo "2104"]
[Annotator "NA"]
[PlyCount "81"]
[EventDate "2019.08.05"]
[EventType "swiss"]
[EventCountry "POL"]
[SourceTitle "playchess.com"]
[Source "ChessBase"]
[SourceQuality "1"]
[TimeControl "40/5400+30:1800+30"]

1. c4 e5 2. g3 Nf6 3. Bg2 d5 4. cxd5 Nxd5 5. Nf3 Nc6 6. O-O Be7 7. d4 exd4 8. Nxd4 Nxd4 9. Qxd4 Nf6 10. Qa4+ c6 11. Nc3 O-O 12. Bf4 Be6 13. Rad1 Qb6 14. Qc2 Rad8 15. e4 Rxd1 16. Rxd1 Rd8 17. Rxd8+ Qxd8 18. h3 Nd7 19. Bf1 Nb6 20. b3 h5 21. Ne2 h4 22. g4 Nd7 23. Be3 Qa5 24. f4 Bc5 25. Kf2 Bxe3+ 26. Kxe3 f6 27. Qd2 Qb6+ 28. Kf3 a5 29. Nd4 Bf7 30. Nf5 Qg1 31. Bg2 Nc5 32. Qd8+ Kh7 33. Qf8 Qd1+ 34. Kf2 Nxe4+ 35. Bxe4 Qd2+ 36. Kf3 Qd1+ 37. Ke3 Qc1+ 38. Ke2 Qb2+ 39. Kd3 Qb1+ 40. Kd2 Qb2+ 41. Bc2 1-0

[Event "3rd Memorial Warakomska 2019"]
[Site "Suwalki"]
[Date "2019.08.06"]
[Round "2.28"]
[White "Suliborski, Jakub"]
[Black "Paszewski, Mateusz"]
[Result "1/2-1/2"]
[ECO "D37"]
[WhiteElo "2131"]
[BlackElo "2324"]
[Annotator "NA"]
[PlyCount "33"]
[EventDate "2019.08.05"]
[EventType "swiss"]
[EventCountry "POL"]
[SourceTitle "playchess.com"]
[Source "ChessBase"]
[SourceQuality "1"]
[TimeControl "40/5400+30:1800+30"]

1. d4 Nf6 2. Nf3 d5 3. c4 e6 4. Nc3 dxc4 5. e4 Bb4 6. Bg5 c5 7. Bxc4 cxd4 8. Nxd4 Bxc3+ 9. bxc3 Qa5 10. Bxf6 gxf6 11. O-O Bd7 12. Rb1 Qxc3 13. Nb5 Bxb5 14. Bxb5+ Nc6 15. Qa4 O-O 16. Rfc1 Qe5 17. Bxc6 1/2-1/2

[Event "3rd Memorial Warakomska 2019"]
[Site "Suwalki"]
[Date "2019.08.06"]
[Round "2.29"]
[White "Efroimski, Marsel"]
[Black "Bachor, Tomasz"]
[Result "1-0"]
[ECO "B27"]
[WhiteElo "2318"]
[BlackElo "2022"]
[Annotator "NA"]
[PlyCount "111"]
[EventDate "2019.08.05"]
[EventType "swiss"]
[EventCountry "POL"]
[SourceTitle "playchess.com"]
[Source "ChessBase"]
[SourceQuality "1"]
[TimeControl "40/5400+30:1800+30"]

1. e4 c5 2. Nf3 g6 3. d4 cxd4 4. Qxd4 Nf6 5. Nc3 Nc6 6. Qa4 d6 7. e5 dxe5 8. Nxe5 Bg7 9. Bb5 O-O 10. Nxc6 bxc6 11. Bxc6 Rb8 12. O-O Bf5 13. Re1 Qb6 14. Bf3 e5 15. Nd5 Nxd5 16. Bxd5 Qd4 17. c4 Bd3 18. Be3 Qxb2 19. Bxa7 Rbc8 20. Qb3 e4 21. Rac1 Qxb3 22. axb3 Bb2 23. Rcd1 Rfe8 24. f3 Bc2 25. Rd2 Bc3 26. Rxc2 Bxe1 27. fxe4 Bb4 28. Ra2 Re7 29. Bd4 Kf8 30. Ra4 Bd6 31. b4 f5 32. c5 Be5 33. Be3 fxe4 34. b5 Rd8 35. Bxe4 Rf7 36. Bf3 Kg7 37. b6 Rd3 38. Kf2 Rb3 39. Ra7 Rb2+ 40. Ke1 Rb1+ 41. Kd2 Rb2+ 42. Kc1 Rb4 43. Bd5 Rxa7 44. bxa7 Ra4 45. a8=Q Rxa8 46. Bxa8 Bxh2 47. Kd2 Kf6 48. Bh6 Bg1 49. Bf8 Kf7 50. Bd6 Ke6 51. Kd3 h5 52. Ke4 g5 53. Bd5+ Kd7 54. Bf7 h4 55. Kd5 Kd8 56. Be6 1-0

[Event "3rd Memorial Warakomska 2019"]
[Site "Suwalki"]
[Date "2019.08.06"]
[Round "2.30"]
[White "Koziol, Kamil"]
[Black "Praczukowski, Stanislaw"]
[Result "1-0"]
[ECO "C77"]
[WhiteElo "2307"]
[BlackElo "2166"]
[Annotator "NA"]
[PlyCount "79"]
[EventDate "2019.08.05"]
[EventType "swiss"]
[EventCountry "POL"]
[SourceTitle "playchess.com"]
[Source "ChessBase"]
[SourceQuality "1"]
[TimeControl "40/5400+30:1800+30"]

1. e4 e5 2. Nf3 Nc6 3. Bb5 a6 4. Ba4 Nf6 5. Bxc6 dxc6 6. d3 Bc5 7. Nbd2 Qe7 8. Nc4 Nd7 9. O-O f6 10. Kh1 Nf8 11. Nh4 Be6 12. b3 g6 13. f4 exf4 14. Rxf4 Bxc4 15. bxc4 g5 16. Nf5 Qe5 17. Rb1 O-O-O 18. Rf1 Ne6 19. Bb2 Nd4 20. Ne3 Qe7 21. c3 Ne6 22. d4 Bb6 23. Qc2 Nf4 24. c5 Ba7 25. Nf5 Qe6 26. Bc1 Ng6 27. Be3 Nh4 28. Nxh4 gxh4 29. Rf4 h3 30. g3 Rde8 31. c4 f5 32. e5 Rhf8 33. Rbf1 Rf7 34. Rxf5 Ref8 35. g4 Qg6 36. Qe4 h5 37. e6 Rf6 38. e7 Re8 39. gxh5 Qh7 40. Qg4 1-0

[Event "3rd Memorial Warakomska 2019"]
[Site "Suwalki"]
[Date "2019.08.06"]
[Round "2.31"]
[White "Tomczak, Jacek"]
[Black "Kokoszczynski, Jan"]
[Result "1-0"]
[ECO "C11"]
[WhiteElo "2623"]
[BlackElo "2238"]
[Annotator "ChessBase"]
[PlyCount "91"]
[EventDate "2019.08.05"]
[EventType "swiss"]
[EventCountry "POL"]
[SourceTitle "playchess.com"]
[Source "ChessBase"]
[SourceQuality "1"]
[TimeControl "40/5400+30:1800+30"]

1. e4 e6 2. d4 d5 3. Nc3 Nf6 4. e5 Nfd7 5. f4 c5 6. Nf3 a6 7. Be3 Qb6 8. Na4 Qa5+ 9. c3 cxd4 10. b4 Qc7 11. Qxd4 Nc6 12. Qd2 Be7 13. Nd4 b5 14. Nb2 Nb6 15. a4 bxa4 16. Nxa4 Nc4 17. Bxc4 dxc4 18. Qa2 Nxd4 19. Bxd4 Bb7 20. O-O O-O 21. Nb6 Rad8 22. Qxc4 Qxc4 23. Nxc4 Bxb4 24. Rab1 a5 25. Nxa5 Bxa5 26. Rxb7 Rc8 27. Rb3 Ra8 28. Kf2 Rfc8 29. Kf3 Bd8 30. Rb7 h6 31. Rfb1 Bc7 32. R1b4 Kf8 33. Ke4 Ke8 34. g4 Bd8 35. f5 Rc6 36. fxe6 Rxe6 37. c4 Rc8 38. Rb8 Kd7 39. Rxc8 Kxc8 40. Ra4 Kd7 41. Ra7+ Bc7 42. Kd5 g6 43. Ra8 Ke7 44. c5 Kd7 45. Rf8 Ke7 46. Rh8 1-0

[Event "3rd Memorial Warakomska 2019"]
[Site "Suwalki"]
[Date "2019.08.06"]
[Round "2.32"]
[White "Sanz Wawer, Daniel"]
[Black "Warakomski, Tomasz"]
[Result "0-1"]
[ECO "A41"]
[WhiteElo "2154"]
[BlackElo "2497"]
[Annotator "ChessBase"]
[PlyCount "80"]
[EventDate "2019.08.05"]
[EventType "swiss"]
[EventCountry "POL"]
[SourceTitle "playchess.com"]
[Source "ChessBase"]
[SourceQuality "1"]
[TimeControl "40/5400+30:1800+30"]

1. d4 d6 2. c4 e5 3. Nf3 e4 4. Nfd2 f5 5. e3 Nf6 6. Nc3 g6 7. Be2 Bg7 8. h4 h6 9. g4 c6 10. gxf5 gxf5 11. Rg1 Qe7 12. b3 h5 13. Ba3 Ng4 14. Qc2 O-O 15. Bxg4 hxg4 16. Rh1 a5 17. Ne2 Na6 18. Nf4 c5 19. Nd5 Qf7 20. Bb2 Be6 21. Nf4 Nb4 22. Qb1 cxd4 23. Bxd4 Be5 24. a3 Nc6 25. Bxe5 dxe5 26. Nxe6 Qxe6 27. Qc2 Qe7 28. Nxe4 fxe4 29. Qxe4 Kh8 30. Qxg4 Qh7 31. Rd1 Rad8 32. Rg1 Nd4 33. exd4 Rg8 34. Qxg8+ Rxg8 35. Rxg8+ Kxg8 36. dxe5 Qc2 37. e6 Kf8 38. Rd7 Qxb3 39. e7+ Ke8 40. Rc7 Qb6 0-1

[Event "3rd Memorial Warakomska 2019"]
[Site "Suwalki"]
[Date "2019.08.06"]
[Round "2.33"]
[White "Kumala, Aleksander"]
[Black "Malakhatko, Vadim"]
[Result "0-1"]
[ECO "B20"]
[WhiteElo "2184"]
[BlackElo "2462"]
[Annotator "ChessBase"]
[PlyCount "132"]
[EventDate "2019.08.05"]
[EventType "swiss"]
[EventCountry "POL"]
[SourceTitle "playchess.com"]
[Source "ChessBase"]
[SourceQuality "1"]
[TimeControl "40/5400+30:1800+30"]

1. e4 c5 2. b4 cxb4 3. a3 bxa3 4. Nxa3 d6 5. d4 Nf6 6. Bd3 e6 7. Ne2 Be7 8. O-O O-O 9. f4 d5 10. e5 Ne4 11. Ng3 f5 12. exf6 Nxf6 13. f5 Nc6 14. fxe6 Bxe6 15. c3 Kh8 16. Qe1 Qd7 17. Nf5 Ne4 18. Nxe7 Rxf1+ 19. Qxf1 Qxe7 20. Nb5 a6 21. Bxe4 dxe4 22. Ba3 Qd7 23. Nd6 h6 24. Nxe4 b6 25. Re1 Bd5 26. Nd6 b5 27. Bc5 Kg8 28. h3 Rf8 29. Qd3 Qd8 30. Qg3 Qg5 31. Qxg5 hxg5 32. Ne4 Ra8 33. Nxg5 a5 34. Rb1 b4 35. cxb4 axb4 36. Nf3 b3 37. Ne5 Nxe5 38. dxe5 Ra2 39. g4 Rg2+ 40. Kf1 Rh2 41. Bf2 Rh1+ 42. Bg1 Rxh3 43. Rd1 Be6 44. g5 Kf7 45. Kg2 Rc3 46. Bd4 Rc4 47. Rd2 Kg6 48. Kf3 Kxg5 49. Ke4 Kh4 50. Kf3 Kh5 51. Rh2+ Kg6 52. Ke4 Rc1 53. Rg2+ Kf7 54. Rf2+ Kg8 55. Rg2 Rf1 56. Ke3 Kf7 57. Rf2+ Rxf2 58. Kxf2 Kg6 59. Kg3 Kf5 60. Kf3 g5 61. Bb2 g4+ 62. Ke3 Kg5 63. Bd4 Kh4 64. Kf2 Kh3 65. Ke3 g3 66. Kf4 g2 0-1